 Dungeon Crawl Stone Soup version 0.21.1-1-g345015f (webtiles) character file.

11179 diana the Martial Artist (level 11, -3/83 HPs)
             Began as a Demonspawn Monk on June 2, 2018.
             Was an Elder of Qazlal.
             Killed from afar by Josephine (25 damage)
             ... with a ghostly fireball
             ... on level 11 of the Dungeon.
             The game lasted 00:38:02 (13587 turns).

diana the Martial Artist (Demonspawn Monk)         Turns: 13587, Time: 00:38:02

Health: -3/83      AC:  9    Str: 12    XL:     11   Next: 45%
Magic:  0/16       EV: 17    Int: 13    God:    Qazlal [****..]
Gold:   441        SH:  5    Dex: 17    Spells: 10/10 levels left

rFire    + . .     SeeInvis .     - Unarmed
rCold    x . .     Gourm    .   (no shield)
rNeg     . . .     Faith    +   i - +3 leather armour
rPois    .         Spirit   +   (no helmet)
rElec    .         Reflect  .   (no cloak)
rCorr    .         Harm     .   (no gloves)
MR       .....                  D - +1 pair of boots
Stlth    ++........             G - amulet of faith
HPRegen  0.23/turn              k - +1 ring of protection
MPRegen  0.30/turn              v - ring of fire

@: drained, repel missiles
A: talons 1, repulsion field 1, nightstalker 1, magic shield, magic
regeneration, magic link
a: Upheaval, Elemental Force, Renounce Religion


You were on level 11 of the Dungeon.
You worshipped Qazlal.
Qazlal was greatly pleased with you.
You were hungry.

You visited 2 branches of the dungeon, and saw 12 of its levels.

You collected 441 gold pieces.

Inventory:

Armour
 i - a +3 leather armour (worn)
 D - a +1 pair of boots (worn)
Magical Staves
 w - an uncursed staff of conjuration {unknown}
Jewellery
 a - an uncursed ring of wizardry
 k - a +1 ring of protection (left hand)
 v - a ring of fire (right hand)
 G - an amulet of faith (around neck)
Wands
 r - a wand of acid (1)
 x - a wand of enslavement (6)
 C - a wand of disintegration (8)
 F - a wand of digging (14)
Scrolls
 c - 3 scrolls of immolation
 e - a scroll of summoning {unknown}
 f - a scroll of magic mapping
 l - 2 scrolls of fear
 q - 5 scrolls of enchant weapon
 s - 4 scrolls of amnesia
 u - 2 scrolls of remove curse
 y - a scroll of blinking {unknown}
 z - 8 scrolls of identify
Potions
 g - a potion of brilliance
 j - 2 potions of mutation {unknown}
 m - 2 potions of might
 n - a potion of resistance {unknown}
 o - 2 potions of agility {unknown}
 p - 2 potions of degeneration
 t - a potion of berserk rage {unknown}
 A - 2 potions of lignification {unknown}
 B - a potion of flight {unknown}
Comestibles
 b - 16 rations
 d - a chunk of flesh


   Skills:
 + Level 6.6(5.9) Fighting
 + Level 5.2(4.5) Armour
 + Level 5.9(5.2) Dodging
 - Level 1.7(1.1) Stealth
 * Level 12.9(12.0) Unarmed Combat
 + Level 7.4(6.7) Invocations


You had 10 spell levels left.
You didn't know any spells.

Dungeon Overview and Level Annotations

Branches:
Dungeon (11/15)            Temple (1/1) D:6            Lair (0/6) D:9
    Orc: D:9-12

Altars:
Ashenzari
Cheibriados
Dithmenos
Elyvilon
Fedhas
Gozag
Hepliaklqana
Kikubaaqudgha
Makhleb
Nemelex Xobeh
Okawaru
Qazlal
Ru
Sif Muna
Trog
Uskayaw
Vehumet
Wu Jian
Xom
Yredelemnul
Zin
The Shining One
Lugonu

Shops:
D:7 [   D:11 *

Annotations:
D:9 kae's ghost, journeyman HOFi
D:11 Josephine


Innate Abilities, Weirdness & Mutations

You have sharp toenails.
You are surrounded by a mild repulsion field. (EV +2)
You are slightly more attuned to the shadows.
When hurt, damage is shared between your health and your magic reserves.
You regenerate magic rapidly.
When low on magic, you restore magic in place of health.


Message History

Gastronok is almost dead.
The river rat misses you. The quokka barely misses you.
Josephine hits you from afar with a bardiche!
* * * LOW HITPOINT WARNING * * *
You punch Gastronok!
Gastronok is almost dead.
The quokka closely misses you.
The river rat bites you but does no damage.
You punch Gastronok!
You kill Gastronok!
Qazlal accepts your kill.
The river rat disappears in a puff of smoke!
The quokka disappears in a puff of smoke!
Your life force feels restored.
Your Armour skill increases to level 5!
You block Josephine's attack.
Josephine grinds her teeth.
Josephine casts a spell at you.
The ghostly flame explodes!
The ghostly fireball engulfs you!
You feel drained.
You die...

#.######### #W..W.WW#..
#W#####.#.# #.# #.#.#
######.# #.#.# .#
.......#####W#.###..#
#####......#W†.......
#...<..#WW....... #
#...@..#......W... #
#...§..#.#.##.....###
#.§....#.#.# .......
#...§..#.#.. ......
#...§§§#.#... o...(.[
#....@.#.#........###
#....§.#.#.#.∩.#..#..
###......#.#...........
.........#.@...#.......


You could see Josephine.

Vanquished Creatures
  Gastronok (D:11)
  A hydra (D:11)
  Erica (D:8)
  Pikel (D:6)
  2 trolls
  A hornet (D:10)
  3 hippogriffs
  5 wraiths (D:10)
  Eustachio (D:5)
  A wyvern (D:9)
  The ghost of Iko the Magician, an amateur DDWz of Dithmenos (D:6)
  A steam dragon (D:10)
  A hungry ghost (D:9)
  A hell hound (D:9)
  A water moccasin (D:10)
  3 ice beasts
  2 black bears
  The ghost of Darkyelf the Skirmisher, an amateur CeAK of Lugonu (D:3)
  4 orc warriors
  2 sky beasts
  A centaur (D:10)
  2 ogres (D:6)
  12 bullfrogs
  Blork the orc (D:4)
  A big kobold (D:9)
  A wyvern skeleton (D:10)
  A wyvern zombie (D:9)
  6 scorpions
  15 killer bees
  4 wights
  3 howler monkeys
  6 crimson imps
  4 bullfrog zombies
  A quasit (D:10)
  2 jellies
  3 hounds
  A bullfrog skeleton (D:7)
  3 orc priests
  11 orc wizards
  An iguana (D:4)
  11 worker ants
  A hound skeleton (D:7)
  3 worker ant zombies
  3 gnolls (D:10)
  12 adders
  An adder zombie (D:5)
  5 worms
  7 leopard geckos
  59 orcs
  9 giant cockroaches
  9 goblins
  7 hobgoblins
  7 jackals
  3 quokkas
  2 ball pythons (D:4)
  7 bats
  7 frilled lizards
  A jackal skeleton (D:5)
  9 kobolds
  A leopard gecko skeleton (D:4)
  10 rats
  A demonic plant (Temple)
288 creatures vanquished.

Vanquished Creatures (others)
  3 slaves (D:6)
  An orc wizard (D:6)
4 creatures vanquished.

Grand Total: 292 creatures vanquished

Notes
Turn   | Place    | Note
-------+----------+-------------------------------------------
     0 | D:1      | diana the Demonspawn Monk began the quest for the Orb.
     0 | D:1      | Reached XP level 1. HP: 18/18 MP: 1/1
    55 | D:1      | Reached skill level 3 in Unarmed Combat
    94 | D:1      | Gained mutation: You are surrounded by a mild repulsion field. (EV +2) [demonic ancestry]
    94 | D:1      | Reached XP level 2. HP: 23/24 MP: 2/2
   672 | D:2      | Reached XP level 3. HP: 24/29 MP: 3/3
   788 | D:2      | Reached skill level 4 in Unarmed Combat
   837 | D:2      | Noticed a scorpion
   848 | D:2      | Killed a scorpion
   848 | D:2      | Gained mutation: When hurt, damage is shared between your health and your magic reserves. [demonic ancestry]
   848 | D:2      | Reached XP level 4. HP: 30/35 MP: 4/4
  1124 | D:2      | Reached skill level 5 in Unarmed Combat
  1585 | D:2      | Gained mutation: You have sharp toenails. [demonic ancestry]
  1585 | D:2      | Reached XP level 5. HP: 41/41 MP: 5/5
  1766 | D:3      | Noticed Darkyelf's ghost (amateur CeAK)
  2812 | D:3      | Reached skill level 6 in Unarmed Combat
  2812 | D:3      | Gained mutation: You regenerate magic rapidly. [demonic ancestry]
  2812 | D:3      | Reached XP level 6. HP: 22/47 MP: 3/6
  3612 | D:4      | Reached skill level 7 in Unarmed Combat
  3963 | D:4      | Noticed Blork the orc
  3970 | D:5      | Entered Level 5 of the Dungeon
  4038 | D:5      | Reached XP level 7. HP: 52/52 MP: 7/7
  4566 | D:5      | Noticed Eustachio
  4574 | D:5      | Killed Eustachio
  4574 | D:5      | Reached skill level 8 in Unarmed Combat
  4859 | D:4      | Killed Blork the orc
  5348 | D:3      | Killed Darkyelf's ghost
  5348 | D:3      | Reached skill level 9 in Unarmed Combat
  5348 | D:3      | Gained mutation: When low on magic, you restore magic in place of health. [demonic ancestry]
  5348 | D:3      | Reached XP level 8. HP: 36/58 MP: 5/8
  5840 | D:6      | Found a staircase to the Ecumenical Temple.
  5856 | D:6      | Noticed Pikel
  5863 | Temple   | Entered the Ecumenical Temple
  6000 | Temple   | Became a worshipper of Qazlal Stormbringer
  6000 | Temple   | Reached * piety under Qazlal
  6000 | Temple   | Reached ** piety under Qazlal
  6035 | D:6      | Killed Pikel
  6035 | D:6      | Reached skill level 10 in Unarmed Combat
  6109 | D:6      | Reached XP level 9. HP: 50/63 MP: 9/9
  6174 | D:6      | Noticed Iko's ghost (amateur DDWz)
  6181 | D:6      | Killed Iko's ghost
  6181 | D:6      | Reached skill level 1 in Invocations
  6378 | D:6      | Reached skill level 1 in Armour
  6378 | D:6      | Reached skill level 11 in Unarmed Combat
  6889 | D:7      | Found a burning altar of Makhleb.
  6889 | D:7      | Found a glowing silver altar of Zin.
  6890 | D:7      | Noticed an angel
  6890 | D:7      | Noticed a balrug
  6976 | D:7      | Reached *** piety under Qazlal
  7524 | D:7      | Found Qieraogg's Antique Armour Emporium.
  7612 | D:7      | Found a basalt altar of Yredelemnul.
  7678 | D:7      | Found a white marble altar of Elyvilon.
  7907 | D:8      | Noticed a two-headed ogre
  7951 | D:9      | Noticed kae's ghost (journeyman HOFi)
  8274 | D:8      | Found a hide-covered altar of Uskayaw.
  8277 | D:8      | Noticed a two-headed ogre
  8565 | D:8      | Noticed Erica
  8707 | D:8      | Killed Erica
  8707 | D:8      | Gained mutation: You are slightly more attuned to the shadows. [demonic ancestry]
  8707 | D:8      | Reached XP level 10. HP: 59/73 MP: 11/13
  8793 | D:8      | Noticed a two-headed ogre
  9100 | D:8      | Noticed a two-headed ogre
  9351 | D:9      | Reached skill level 5 in Fighting
  9351 | D:9      | Reached skill level 5 in Invocations
  9440 | D:9      | Reached **** piety under Qazlal
  9625 | D:9      | Reached skill level 12 in Unarmed Combat
  9637 | D:9      | Found a deep blue altar of Sif Muna.
  9637 | D:9      | Found a sacrificial altar of Ru.
  9906 | D:9      | Found a snail-covered altar of Cheibriados.
  9909 | D:9      | Found a shadowy altar of Dithmenos.
  9922 | D:9      | Found an ancient bone altar of Kikubaaqudgha.
  9928 | D:9      | Found a sparkling altar of Nemelex Xobeh.
  9963 | D:9      | Noticed a two-headed ogre
  9967 | D:10     | Entered Level 10 of the Dungeon
 10396 | D:10     | Reached skill level 5 in Dodging
 11195 | D:11     | Noticed Josephine
 11735 | D:9      | Found a staircase to the Lair.
 11930 | D:11     | Noticed a seven-headed hydra
 11935 | D:11     | Noticed Gastronok
 11945 | D:11     | Found Mowikask's Demolitions Depot.
 11964 | D:11     | Paralysed by a hornet for 2 turns
 11982 | D:10     | Paralysed by a hornet for 2 turns
 11986 | D:10     | Reached XP level 11. HP: 16/81 MP: 2/15
 13403 | D:11     | Killed a seven-headed hydra
 13577 | D:11     | Killed Gastronok
 13577 | D:11     | Reached skill level 5 in Armour
 13587 | D:11     | Killed from afar by Josephine

Skill      XL: |  1  2  3  4  5  6  7  8  9 10 11 |
---------------+----------------------------------+-----
Unarmed Combat | 3 4 5 6 7 9 10 11 12 | 12.9
Invocations    | 4 6 7 |  7.4
Armour         | 3 4 5 |  5.2
Dodging        | 4 5 |  5.9
Fighting       | 4 6 |  6.6
Stealth        | |  1.7

Action                   |  1- 3 |  4- 6 |  7- 9 | 10-12 || total
-------------------------+-------+-------+-------+-------++-------
Melee: Unarmed           |    87 |   267 |   433 |   463 ||  1250
       Punch             |     1 |     7 |    27 |    23 ||    58
       Kick              |       |    48 |   104 |       ||   152
Throw: Throwing net      |       |       |     1 |       ||     1
Invok: Upheaval          |       |       |     1 |     4 ||     5
Evoke: Wand              |       |       |     1 |    12 ||    13
  Use: Potion            |     1 |     3 |     2 |    10 ||    16
       Scroll            |       |     4 |     9 |     5 ||    18
 Stab: Sleeping          |     4 |     5 |     2 |       ||    11
       Held in net/web   |       |       |     1 |       ||     1
  Eat: Chunk             |       |     7 |    11 |     9 ||    27
       Ration            |       |     1 |     1 |     3 ||     5
Armor: Robe              |     5 |       |       |       ||     5
       Leather armour    |     9 |    84 |    65 |   125 ||   283
       Scale mail        |       |       |    34 |       ||    34
Dodge: Dodged            |    54 |   203 |   254 |   382 ||   893
       Deflected         |       |       |       |     5 ||     5
Block: Other             |       |       |    27 |   123 ||   150
